 Dungeon Sprint DCSS version 0.20-a0-1020-g7b9e4fe (webtiles) character file.

523395 EinenBrandy the Demonic Catastrophe (level 21, -28/224 HPs)
             Began as a Demonspawn Fighter on Apr 18, 2017.
             Was an Elder of Qazlal.
             Annihilated by Antaeus (80 damage)
             ... while paralysed by a floating eye
             ... in the Dungeon (Sprint IX: "|||||||||||||||||||||||||||||").
             The game lasted 00:18:49 (8760 turns).

EinenBrandy the Demonic Catastrophe (DsFi)          Turns: 8760, Time: 00:18:49

Health: -28/224    AC: 39    Str: 26    XL:     21   Next: 52%
Magic:  17/34      EV:  2    Int: 14    God:    Qazlal [****..]
Gold:   521        SH:  0    Dex: 26    Spells: 20/20 levels left

rFire    + + +     SeeInvis .   N - +9 demon blade (vamp)
rCold    + + .     Gourm    .   y - +2 shield of Resistance {rF+ rC+ MR+}
rNeg     + . .     Faith    .   X - +3 shadow dragon scales of Disappointment {rF+ rN+ Str+4 Stlth++++}
rPois    +         Spirit   .   V - +2 helmet
rElec    .         Reflect  .   W - +2 cloak
rCorr    .         Harm     .   (gloves unavailable)
MR       ++...     NoTele   +   p - +0 pair of boots
Stlth    ++........             J - amulet of regeneration
Regen    0.9/turn               Q - +3 ring of slaying
MPRegen  0.3/turn               D - ring of protection from fire

@: paralysed, mighty, brilliant, agile, protected from cold, hasted, repel
missiles
A: claws 3, slimy green scales 3, blurry vision 1, dopey 1, fire resistance 1,
low mp 1, powered by death 2, robust 1, no potion heal 1, MP-powered wands
}: 9/15 runes: decaying, serpentine, barnacled, slimy, elven, silver, golden,
abyssal, gossamer
a: Upheaval, Elemental Force, Renounce Religion


You were in the Dungeon.
You worshipped Qazlal.
Qazlal was greatly pleased with you.
You were not hungry.

You visited 1 branch You collected 1996 gold pieces.
You spent 1475 gold pieces at shops.

Inventory:

Hand Weapons
 o - a +2 scimitar of flaming
 N - a +9 vampiric demon blade (weapon)
 U - the +5 demon blade "Korixoxa" {venom, +Blink rF+}
   (You found it in the Dungeon)

   It poisons the flesh of those it strikes.
   It protects you from fire.
   It lets you blink.
Armour
 p - a +0 pair of boots (worn)
 y - the +2 shield of Resistance (worn) {rF+ rC+ MR+}
   (You bought it in a shop in the Dungeon)

   It protects you from fire.
   It protects you from cold.
   It affects your resistance to hostile enchantments.
 V - a +2 helmet (worn)
 W - a +2 cloak (worn)
 X - the +3 shadow dragon scales of Disappointment (worn) {rF+ rN+ Str+4 Stlth++++}
   (You found it in the Dungeon)

   It affects your strength (+4).
   It protects you from fire.
   It protects you from negative energy.
   It makes you much more stealthy.
Jewellery
 D - a ring of protection from fire (right claw)
 H - a +4 ring of protection
 I - an uncursed amulet of magic regeneration {unknown}
 J - an amulet of regeneration (around neck)
 O - the amulet "Xatiq" {Spirit rPois rC+ Stlth+}
   (You found it in the Dungeon)

   [amulet of guardian spirit]

   It causes incoming damage to be split between your health and magic.
   It protects you from cold.
   It protects you from poison.
   It makes you more stealthy.
 P - the ring of Fymealei {Str+3 Stlth+}
   (You found it in the Dungeon)

   [ring of strength]

   It affects your strength (+3).
   It makes you more stealthy.
 Q - a +3 ring of slaying (left claw)
 R - the amulet "Wuwyokuc" {Faith Int+2 Dex+5}
   (You found it in the Dungeon)

   [amulet of faith]

   It allows you to gain divine favour quickly.
   It affects your intelligence (+2).
   It affects your dexterity (+5).
 S - the ring of Dolaotz {Str+4 Int+3 Dex+2}
   (You found it in the Dungeon)

   [ring of intelligence]

   It affects your strength (+4).
   It affects your intelligence (+3).
   It affects your dexterity (+2).
Wands
 n - a wand of lightning (1/15)
 v - a wand of lightning (7/15)
 w - a wand of paralysis (12/24)
 A - a wand of polymorph (12/24)
Scrolls
 b - 2 scrolls of enchant weapon
 c - 4 scrolls of enchant armour
 d - 5 scrolls of recharging
 k - 9 scrolls of blinking
 l - 7 scrolls of remove curse
 m - 2 scrolls of amnesia
 q - 2 scrolls of fog
 s - 2 scrolls of fear
 E - a scroll of magic mapping
Potions
 a - a potion of resistance
 e - 9 potions of curing
 g - a potion of invisibility
 h - 8 potions of haste
 i - 4 potions of magic
 j - 15 potions of heal wounds
 r - 2 potions of agility
 z - a potion of cancellation
 B - 2 potions of might
Books
 M - a book of Misfortune

   Spells                             Type                      Level
   a - Confusing Touch                Hexes                        1
   b - Confuse                        Hexes                        3
   c - Gell's Gravitas                Translocation                3
   d - Petrify                        Transmutation/Earth          4
   e - Metabolic Englaciation         Hexes/Ice                    5
   f - Yara's Violent Unravelling     Hexes/Transmutation          5
Miscellaneous
 F - the horn of Geryon
Comestibles
 f - 8 bread rations
 t - 31 fruits
 u - 13 meat rations


   Skills:
 O Level 27 Fighting
 O Level 27 Long Blades
 O Level 27 Armour
 O Level 27 Dodging
 O Level 27 Shields
 O Level 27 Unarmed Combat
 O Level 27 Invocations
 * Level 24.2 Evocations


You had 20 spell levels left.
You didn't know any spells.

Dungeon Overview and Level Annotations

Branches:
Dungeon (1/1)

Altars:
Cheibriados
Dithmenos
Elyvilon
Fedhas
Gozag
Hepliaklqana
Kikubaaqudgha
Makhleb
Nemelex Xobeh
Okawaru
Qazlal
Ru
Sif Muna
Trog
Uskayaw
Vehumet
Wu Jian
Xom
Yredelemnul
Zin
The Shining One
Beogh
Jiyva
Lugonu

Shops:
D }![[

Annotations:
D Antaeus, Asmodeus, Cerebov, Lom Lobon, Mnoleg


Innate Abilities, Weirdness & Mutations

You have claws for hands.
You are completely covered in slimy green scales. (AC +4, rPois)
Your flesh is heat resistant. (rF+)
You regenerate health from kills.
You are robust. (+10% HP)
Scrolls take you a little longer to read.
You are dopey. (Int -2)
Your magical capacity is low. (-10% MP)
Potions are less effective at restoring your health.
You expend magic power (3 MP) to strengthen your wands.


Message History

You hit Antaeus.
Antaeus is heavily wounded.
Cerebov gestures.
Antaeus is engulfed in blazing flames.
You block Antaeus's attack. x2
Mnoleg gestures.
Unknown command.
You slice Antaeus!!
Antaeus is severely wounded.
You block the efreet's attack.
The floating eye gazes piercingly through you!
You suddenly lose the ability to move!
Antaeus hits you but does no damage. x2
Mnoleg buzzes, "Submit, thou beslubbering fly-bitten boar-pig!"
Mnoleg gestures.
The efreet hits you but does no damage. Antaeus hits you but does no damage. x2
The floating eye's stare focuses on you.
Mnoleg calls on the powers of chaos!
The balrug suddenly seems more agile.
The efreet seems to grow stronger.
Asmodeus is filled with an inner flame.
Antaeus seems to grow stronger.
Antaeus hits you!!!!
You die...

...................'..≈.)≈≈)))[..
▓▓▓▓▓▓▓▓▓▓▓▓▓▓▓▓▓▓▓▓▓▓▓▓▓▓▓▓▓▓▓▓▓
...............................).
▓▓▓▓▓▓▓▓▓▓▓▓▓▓▓▓▓▓▓▓▓▓▓▓▓▓▓▓▓▓▓▓▓
'...........'.........'......≈...
▓▓▓▓▓▓▓▓▓▓▓▓▓▓▓▓▓▓▓▓▓▓▓▓▓▓▓▓▓▓▓▓▓
.................................
▓▓▓▓▓▓▓▓▓▓▓▓▓▓▓▓▓▓▓▓▓▓▓▓▓▓▓▓▓▓▓▓▓
&G&&2&C@R...............
▓▓▓▓▓▓▓▓▓▓▓▓▓▓▓▓▓▓▓▓▓▓▓▓


You could see Antaeus, Cerebov, Asmodeus (inner flame), Lom Lobon, Mnoleg, a
balrug, an efreet and a floating eye.

Vanquished Creatures
  the Royal Jelly (D)
  5 ancient liches (D)
  3 orbs of fire (D)
  Mara (D)
  5 greater mummies (D)
  Sojobo (D)
  Frederick (D)
  Xtahua (D)
  3 golden dragons (D)
  Jory (D)
  Geryon (D)
  4 electric golems (D)
  4 tentacled monstrosities (D)
  A titan (D)
  A lich (D)
  3 quicksilver dragons (D)
  27 Orb Guardians (D)
  10 acid blobs (D)
  2 deep elf blademasters (D)
  4 deep elf master archers (D)
  12 sphinxes (D)
  4 tengu reavers (D)
  A death cob (D)
  Kirke (D)
  9 shadow dragons (D)
  2 draconian monks (D)
  7 nagarajas (D)
  3 storm dragons (D)
  2 draconian knights (D)
  2 deep elf sorcerers (D)
  6 azure jellies (D)
  Ilsuiw (D)
  A fire giant (D)
  A draconian scorcher (D)
  Louise (D)
  5 ghost moths (D)
  4 vault wardens (D)
  2 emperor scorpions (D)
  3 frost giants (D)
  A draconian stormcaller (D)
  4 draconian shifters (D)
  2 ironheart preservers (D)
  3 stone giants (D)
  3 green draconians (D)
  3 black draconians (D)
  7 vampire knights (D)
  A very ugly thing (D)
  2 white draconians (D)
  A yellow draconian (D)
  6 purple draconians (D)
  4 red draconians (D)
  3 ettins (D)
  3 death oozes (D)
  4 deep elf death magi (D)
  6 merfolk javelineers (D)
  6 fire dragons (D)
  4 yaktaur captains (D)
  6 mummy priests (D)
  2 deep elf high priests (D)
  3 merfolk impalers (D)
  2 great orbs of eyes (D)
  25 vault guards (D)
  6 ice dragons (D)
  A merfolk avatar (D)
  2 merfolk aquamancers (D)
  7 hydras (D)
  A two-headed ogre (D)
  An alligator snapping turtle (D)
  2 alligators (D)
  A tengu warrior (D)
  3 death yaks (D)
  2 deep troll earth magi (D)
  3 ogre magi (D)
  A thrashing horror (D)
  12 spriggans (D)
  2 deep elf knights (D)
  A spriggan berserker (D)
  A spriggan druid (D)
  2 glowing orange brains (D)
  A flayed ghost (D)
  7 swamp dragons (D)
  A wizard (D)
  3 ironbrand convokers (D)
  9 orc knights (D)
  A deep elf archer (D)
  4 wolf spiders (D)
  A necromancer (D)
  An ugly thing (D)
  A cyclops (D)
  4 orc sorcerers (D)
  3 manticores (D)
  13 moths of wrath (D)
  3 guardian serpents (D)
  Maurice (D)
  3 vault sentinels (D)
  Joseph (D)
  8 black mambas (D)
  A water nymph (D)
  4 naga magi (D)
  A torpor snail (D)
  A spiny frog (D)
  A rime drake (D)
  A komodo dragon (D)
  3 yaktaurs (D)
  3 demonic crawlers (D)
  4 freezing wraiths (D)
  17 guardian mummies (D)
  A merfolk (D)
  A wandering mushroom (D)
  2 jumping spiders (D)
  2 hornets (D)
  A tyrant leech (D)
  A polar bear (shapeshifter) (D)
  A bog body (D)
  2 slime creatures (D)
  A blink frog (D)
  3 redbacks (D)
  2 water elementals (D)
  2 wyverns (D)
  2 golden eyes (D)
  Grum (D)
  A neqoxec (D)
  7 yaks (D)
  A hungry ghost (D)
  A vampire mosquito (D)
  A hog (D)
  A naga (D)
  An insubstantial wisp (D)
  A water moccasin (D)
  2 floating eyes (D)
  2 large abominations (D)
  A porcupine (D)
  11 orc warriors (D)
  A swamp drake (D)
  3 boggarts (D)
  2 wolves (D)
  3 centaurs (D)
  4 crocodiles (D)
  6 bullfrogs (D)
  3 small abominations (D)
  2 howler monkeys (D)
  A wight (D)
  A quasit (D)
  3 crimson imps (D)
  6 orc priests (D)
  2 orc wizards (D)
  A worker ant (D)
  A shadow imp (D)
  An adder zombie (D)
  An ooze (D)
  An adder skeleton (D)
  9 orcs (D)
  A bat skeleton (D)
  A bat zombie (D)
  4 goblins (D)
  A jackal zombie (D)
  A quokka skeleton (D)
507 creatures vanquished.

Vanquished Creatures (others)
  A lich (D)
  A wizard (D)
2 creatures vanquished.

Grand Total: 509 creatures vanquished

Notes
Turn   | Place    | Note
-------+----------+-------------------------------------------
     0 | D        | EinenBrandy the Demonspawn Fighter began the quest for the Orb.
     0 | D        | Reached XP level 1. HP: 18/18 MP: 1/1
    19 | D        | Gained mutation: You have sharp fingernails. [demonic ancestry]
    19 | D        | Reached XP level 2. HP: 24/24 MP: 2/2
    78 | D        | Noticed a howler monkey
    78 | D        | Noticed a centaur
    88 | D        | Killed a centaur
    88 | D        | Reached XP level 3. HP: 29/29 MP: 3/3
    88 | D        | Reached XP level 4. HP: 35/35 MP: 4/4
   111 | D        | Gained mutation: You are partially covered in slimy green scales. (AC +2) [demonic ancestry]
   111 | D        | Reached XP level 5. HP: 19/41 MP: 5/5
   117 | D        | Found a roughly hewn altar of Beogh.
   117 | D        | Found a snail-covered altar of Cheibriados.
   117 | D        | Found a shadowy altar of Dithmenos.
   117 | D        | Found a white marble altar of Elyvilon.
   117 | D        | Found a blossoming altar of Fedhas.
   117 | D        | Found an opulent altar of Gozag.
   118 | D        | Found a hazy altar of Hepliaklqana.
   119 | D        | Found a viscous altar of Jiyva.
   120 | D        | Found an ancient bone altar of Kikubaaqudgha.
   121 | D        | Found a corrupted altar of Lugonu.
   122 | D        | Found a burning altar of Makhleb.
   123 | D        | Found a sparkling altar of Nemelex Xobeh.
   124 | D        | Found an iron altar of Okawaru.
   125 | D        | Found a stormy altar of Qazlal.
   126 | D        | Found a sacrificial altar of Ru.
   127 | D        | Found a deep blue altar of Sif Muna.
   128 | D        | Found a bloodstained altar of Trog.
   129 | D        | Found a hide-covered altar of Uskayaw.
   130 | D        | Found a radiant altar of Vehumet.
   131 | D        | Found an ornate altar of the Wu Jian Council.
   132 | D        | Found a shimmering altar of Xom.
   133 | D        | Became a worshipper of Qazlal Stormbringer
   134 | D        | Found a basalt altar of Yredelemnul.
   135 | D        | Found a glowing silver altar of Zin.
   136 | D        | Found a glowing golden altar of the Shining One.
   278 | D        | Noticed a centaur
   278 | D        | Noticed a two-headed ogre
   278 | D        | Noticed an orc warrior
   284 | D        | Killed an orc warrior
   289 | D        | Killed a two-headed ogre
   289 | D        | Reached skill level 10 in Long Blades
   289 | D        | Gained mutation: You have very sharp fingernails. [demonic ancestry]
   289 | D        | Reached XP level 6. HP: 11/53 MP: 5/11
   289 | D        | Gained mutation: You are mostly covered in slimy green scales. (AC +3) [demonic ancestry]
   289 | D        | Reached XP level 7. HP: 12/59 MP: 5/12
   291 | D        | Reached * piety under Qazlal
   299 | D        | Reached ** piety under Qazlal
   299 | D        | Reached XP level 8. HP: 11/65 MP: 6/14
   589 | D        | Reached *** piety under Qazlal
   739 | D        | Noticed a spiny frog
   739 | D        | Noticed a black mamba
   739 | D        | Noticed a komodo dragon
   744 | D        | Killed a komodo dragon
   750 | D        | Reached **** piety under Qazlal
   754 | D        | Killed a black mamba
   754 | D        | Gained mutation: You have claws for hands. [demonic ancestry]
   754 | D        | Reached XP level 9. HP: 39/74 MP: 14/16
   760 | D        | Killed a spiny frog
   760 | D        | Reached skill level 10 in Invocations
   769 | D        | Reached ***** piety under Qazlal
  1056 | D        | Killed a rime drake
  1058 | D        | Noticed a five-headed hydra
  1066 | D        | Killed a one-headed hydra
  1066 | D        | Gained mutation: Your flesh is heat resistant. (rF+) [demonic ancestry]
  1066 | D        | Reached XP level 10. HP: 73/83 MP: 11/19
  1113 | D        | Noticed a death yak
  1117 | D        | Noticed a death yak
  1119 | D        | Noticed a death yak
  1119 | D        | Reached ****** piety under Qazlal
  1123 | D        | Killed a death yak
  1129 | D        | Killed a death yak
  1129 | D        | Reached skill level 10 in Fighting
  1136 | D        | Killed a death yak
  1136 | D        | Reached skill level 5 in Dodging
  1136 | D        | Reached skill level 10 in Shields
  1204 | D        | Noticed Joseph
  1215 | D        | Paralysed by Joseph for 3 turns
  1224 | D        | Killed Joseph
  1299 | D        | Gained mutation: You are completely covered in slimy green scales. (AC +4, rPois) [demonic ancestry]
  1299 | D        | Reached XP level 11. HP: 76/92 MP: 14/21
  1483 | D        | Noticed an orc knight
  1483 | D        | Noticed an orc knight
  1484 | D        | Noticed an orc knight
  1488 | D        | Killed an orc knight
  1488 | D        | Reached skill level 15 in Invocations
  1490 | D        | Killed an orc knight
  1494 | D        | Noticed an orc knight
  1505 | D        | Killed an orc knight
  1508 | D        | Killed an orc knight
  1989 | D        | Found Xionykk's Antique Armour Boutique.
  1989 | D        | Noticed an orc sorcerer
  1989 | D        | Noticed an orc knight
  1992 | D        | Killed an orc sorcerer
  1997 | D        | Killed an orc knight
  1997 | D        | Reached skill level 10 in Armour
  1999 | D        | Noticed an orc knight
  1999 | D        | Found Ilichen's Armour Shop.
  2000 | D        | Noticed an orc sorcerer
  2001 | D        | Noticed an orc knight
  2001 | D        | Found Esosch's Distillery.
  2005 | D        | Killed an orc sorcerer
  2008 | D        | Noticed an orc sorcerer
  2012 | D        | Killed an orc knight
  2013 | D        | Found Diott's Gadget Shop.
  2013 | D        | Noticed an orc sorcerer
  2015 | D        | Killed an orc knight
  2018 | D        | Gained mutation: You are dopey. (Int -2) [a neqoxec]
  2020 | D        | Killed an orc sorcerer
  2020 | D        | Killed an orc sorcerer
  2162 | D        | Bought the +2 shield of Resistance {rF+ rC+ MR+} for 493 gold pieces
  2162 | D        | Bought a +3 plate armour of fire resistance for 540 gold pieces
  2164 | D        | Bought 2 potions of heal wounds for 130 gold pieces
  2164 | D        | Bought a potion of heal wounds for 65 gold pieces
  2164 | D        | Bought a potion of heal wounds for 65 gold pieces
  2164 | D        | Bought a potion of heal wounds for 65 gold pieces
  2164 | D        | Bought a potion of heal wounds for 65 gold pieces
  2164 | D        | Bought a potion of might for 52 gold pieces
  2251 | D        | Noticed Grum
  2259 | D        | Killed Grum
  2403 | D        | Noticed an ettin
  2414 | D        | Noticed a frost giant
  2416 | D        | Killed an ettin
  2419 | D        | Killed a frost giant
  2419 | D        | Reached XP level 12. HP: 100/100 MP: 17/26
  2419 | D        | Reached skill level 15 in Long Blades
  2420 | D        | Noticed a fire dragon
  2445 | D        | Killed a fire dragon
  2659 | D        | Noticed Kirke
  2683 | D        | Killed Kirke
  2692 | D        | Noticed Maurice
  2741 | D        | Noticed an alligator snapping turtle
  2774 | D        | Killed an alligator snapping turtle
  2784 | D        | Noticed a six-headed hydra
  2784 | D        | Noticed an alligator
  2784 | D        | Noticed an alligator
  2788 | D        | Killed an alligator
  2788 | D        | Killed an alligator
  2788 | D        | Killed a six-headed hydra
  3006 | D        | Noticed a nagaraja
  3008 | D        | Gained mutation: You regenerate a little health from kills. [demonic ancestry]
  3008 | D        | Reached XP level 13. HP: 109/109 MP: 26/28
  3010 | D        | Noticed a nagaraja
  3025 | D        | Killed a nagaraja
  3028 | D        | Killed a nagaraja
  3121 | D        | Killed a ghost moth
  3353 | D        | Noticed an ettin
  3359 | D        | Noticed a fire giant
  3361 | D        | Noticed a fire dragon
  3363 | D        | Noticed a quicksilver dragon
  3366 | D        | Killed an ettin
  3367 | D        | Noticed a fire dragon
  3368 | D        | Noticed a frost giant
  3368 | D        | Killed a fire dragon
  3375 | D        | Killed a quicksilver dragon
  3375 | D        | Killed a fire dragon
  3375 | D        | Killed a frost giant
  3380 | D        | Killed a fire giant
  3418 | D        | Gained mutation: You regenerate health from kills. [demonic ancestry]
  3418 | D        | Reached XP level 14. HP: 94/119 MP: 11/31
  3515 | D        | Noticed a vault warden
  3517 | D        | Reached skill level 27 in Invocations
  3524 | D        | Noticed an ironheart preserver
  3528 | D        | Reached skill level 15 in Shields
  3528 | D        | Killed an ironheart preserver
  3532 | D        | Killed a vault warden
  3561 | D        | Noticed a vault warden
  3577 | D        | Killed a vault warden
  3662 | D        | Noticed Xtahua
  3675 | D        | Paralysed by Xtahua for 7 turns
  3687 | D        | Killed Xtahua
  3916 | D        | Noticed a tengu reaver
  3917 | D        | Noticed Sojobo
  3918 | D        | Noticed a tengu reaver
  3919 | D        | Noticed Jory
  3920 | D        | Killed a tengu reaver
  3920 | D        | Reached skill level 15 in Fighting
  3921 | D        | Killed Sojobo
  3921 | D        | Killed Jory
  3944 | D        | Killed a tengu reaver
  4193 | D        | Noticed an emperor scorpion
  4218 | D        | Killed a ghost moth
  4226 | D        | Killed a ghost moth
  4226 | D        | Reached XP level 15. HP: 108/130 MP: 0/32
  4237 | D        | Killed a ghost moth
  4285 | D        | Killed a ghost moth
  4316 | D        | Got a gossamer rune of Zot
  4354 | D        | Noticed a nagaraja
  4354 | D        | Noticed a nagaraja
  4356 | D        | Noticed a nagaraja
  4361 | D        | Killed a nagaraja
  4366 | D        | Killed a nagaraja
  4367 | D        | Noticed a nagaraja
  4382 | D        | Killed a nagaraja
  4382 | D        | Reached skill level 15 in Armour
  4388 | D        | Killed a nagaraja
  4390 | D        | Noticed a nagaraja
  4408 | D        | Killed a nagaraja
  4429 | D        | Got a serpentine rune of Zot
  4465 | D        | Noticed Ilsuiw
  4467 | D        | Killed Ilsuiw
  4468 | D        | Got a barnacled rune of Zot
  4675 | D        | Got a decaying rune of Zot
  4850 | D        | Reached XP level 16. HP: 145/145 MP: 33/33
  5109 | D        | Noticed a titan
  5109 | D        | Noticed a tengu reaver
  5110 | D        | Killed a tengu reaver
  5119 | D        | Killed a titan
  5122 | D        | Noticed a shadow dragon
  5126 | D        | Noticed a shadow dragon
  5132 | D        | Killed a shadow dragon
  5161 | D        | Killed a shadow dragon
  5212 | D        | Got a crystal arbalest
  5218 | D        | Identified the +5 arbalest of the Eggplant {velocity, rPois Str-3 Int+9 Stlth+} (You found it in the Dungeon)
  5260 | D        | Noticed a shadow dragon
  5260 | D        | Noticed an ancient lich
  5260 | D        | Noticed a shadow dragon
  5260 | D        | Noticed a shadow dragon
  5262 | D        | Noticed a shadow dragon
  5262 | D        | Killed a shadow dragon
  5278 | D        | Killed an ancient lich
  5281 | D        | Killed a shadow dragon
  5281 | D        | Reached XP level 17. HP: 129/160 MP: 29/34
  5316 | D        | Got a silver rune of Zot
  5377 | D        | Noticed Mara
  5380 | D        | Killed Mara
  5450 | D        | Got the amulet "Xatiq" {Spirit rPois rC+ Stlth+}
  5452 | D        | Got the ring of Fymealei {Str+3 Stlth+}
  5456 | D        | Got the amulet "Wuwyokuc" {Faith Int+2 Dex+5}
  5458 | D        | Got the ring of Dolaotz {Str+4 Int+3 Dex+2}
  5469 | D        | Got the +5 demon blade "Korixoxa" {venom, +Blink rF+}
  5494 | D        | Got the +3 shadow dragon scales of Disappointment {rF+ rN+ Str+4 Stlth++++}
  5688 | D        | Noticed Louise
  5698 | D        | Killed Louise
  5715 | D        | Noticed Frederick
  5729 | D        | Killed Frederick
  5763 | D        | Noticed a quicksilver dragon
  5822 | D        | Killed a quicksilver dragon
  5836 | D        | Reached skill level 27 in Shields
  6328 | D        | Noticed a tentacled monstrosity
  6339 | D        | Reached skill level 10 in Dodging
  6350 | D        | Killed a tentacled monstrosity
  6394 | D        | Reached XP level 18. HP: 179/179 MP: 35/35
  6532 | D        | Noticed a tentacled monstrosity
  6567 | D        | Killed a tentacled monstrosity
  6713 | D        | Noticed an Orb Guardian
  6713 | D        | Noticed an Orb Guardian
  6713 | D        | Noticed an Orb Guardian
  6713 | D        | Noticed an Orb Guardian
  6713 | D        | Noticed an Orb Guardian
  6713 | D        | Noticed an Orb Guardian
  6717 | D        | Noticed an Orb Guardian
  6719 | D        | Killed an Orb Guardian
  6723 | D        | Killed an Orb Guardian
  6724 | D        | Noticed an Orb Guardian
  6726 | D        | Killed an Orb Guardian
  6726 | D        | Reached skill level 27 in Fighting
  6736 | D        | Killed an Orb Guardian
  6743 | D        | Killed an Orb Guardian
  6746 | D        | Noticed an Orb Guardian
  6756 | D        | Killed an Orb Guardian
  6763 | D        | Killed an Orb Guardian
  6771 | D        | Killed an Orb Guardian
  6780 | D        | Killed an Orb Guardian
  6782 | D        | Noticed an Orb Guardian
  6796 | D        | Killed an Orb Guardian
  6796 | D        | Reached skill level 27 in Long Blades
  6803 | D        | Noticed an Orb Guardian
  6803 | D        | Noticed an Orb Guardian
  6807 | D        | Noticed an Orb Guardian
  6824 | D        | Noticed an Orb Guardian
  6847 | D        | Killed an Orb Guardian
  6854 | D        | Killed an Orb Guardian
  6875 | D        | Killed an Orb Guardian
  6891 | D        | Killed an Orb Guardian
  6891 | D        | Reached skill level 15 in Dodging
  6901 | D        | Noticed an ancient lich
  6923 | D        | Killed an ancient lich
  6926 | D        | Noticed an orb of fire
  6936 | D        | Gained mutation: Scrolls take you a little longer to read. [an orb of fire]
  6943 | D        | Gained mutation: Potions are less effective at restoring your health. [an orb of fire]
  6948 | D        | Killed an orb of fire
  6951 | D        | Noticed an electric golem
  6955 | D        | Noticed a tentacled monstrosity
  6955 | D        | Noticed an electric golem
  6955 | D        | Noticed a tentacled monstrosity
  6955 | D        | Noticed a golden dragon
  6955 | D        | Noticed an electric golem
  6959 | D        | Noticed an orb of fire
  6965 | D        | Noticed an orb of fire
  6965 | D        | Killed an electric golem
  6965 | D        | Killed a tentacled monstrosity
  6965 | D        | Killed a tentacled monstrosity
  6965 | D        | Gained mutation: You are robust. (+10% HP) [demonic ancestry]
  6965 | D        | Reached XP level 19. HP: 142/207 MP: 28/36
  6965 | D        | Killed an electric golem
  6965 | D        | Killed an electric golem
  6969 | D        | Noticed a golden dragon
  6972 | D        | Gained mutation: You expend magic power (3 MP) to strengthen your wands. [an orb of fire]
  6980 | D        | Killed an orb of fire
  6987 | D        | Gained mutation: Your magical capacity is low. (-10% MP) [an orb of fire]
  6990 | D        | Killed an orb of fire
  6991 | D        | Noticed an electric golem
  6997 | D        | Killed a golden dragon
  6998 | D        | Killed a golden dragon
  6999 | D        | Noticed a golden dragon
  7005 | D        | Killed an electric golem
  7017 | D        | Killed a golden dragon
  7099 | D        | Reached skill level 27 in Armour
  7266 | D        | Noticed an ancient lich
  7266 | D        | Noticed an ancient lich
  7282 | D        | Killed an ancient lich
  7282 | D        | Reached XP level 20. HP: 199/216 MP: 19/33
  7283 | D        | Noticed an ancient lich
  7290 | D        | Killed an ancient lich
  7290 | D        | Reached skill level 27 in Dodging
  7299 | D        | Killed an ancient lich
  7452 | D        | Reached skill level 15 in Unarmed Combat
  7474 | D        | Got an elven rune of Zot
  7551 | D        | Noticed the Royal Jelly
  7561 | D        | Killed the Royal Jelly
  7659 | D        | Got a slimy rune of Zot
  7715 | D        | Killed Maurice
  7779 | D        | Paralysed by a sphinx for 6 turns
  7786 | D        | Reached skill level 27 in Unarmed Combat
  7786 | D        | Reached XP level 21. HP: 119/224 MP: 34/34
  7786 | D        | Reached skill level 10 in Evocations
  7894 | D        | Reached skill level 15 in Evocations
  8152 | D        | Noticed a greater mummy
  8152 | D        | Noticed a greater mummy
  8152 | D        | Noticed a greater mummy
  8152 | D        | Noticed a greater mummy
  8158 | D        | Killed a greater mummy
  8158 | D        | Killed a greater mummy
  8160 | D        | Noticed a greater mummy
  8160 | D        | Killed a greater mummy
  8161 | D        | Killed a greater mummy
  8166 | D        | Killed a greater mummy
  8274 | D        | Got a golden rune of Zot
  8556 | D        | Got an abyssal rune of Zot
  8683 | D        | Noticed Geryon
  8707 | D        | Killed Geryon
  8721 | D        | Noticed Asmodeus
  8721 | D        | Noticed Antaeus
  8727 | D        | Noticed Cerebov
  8730 | D        | Noticed Mnoleg
  8734 | D        | Noticed Lom Lobon
  8758 | D        | Paralysed by a floating eye for 3 turns
  8760 | D        | Annihilated by Antaeus

Vault maps used:
D:        linesprint

Skill      XL: |  1  2  3  4  5  6  7  8  9 10 11 12 13 14 15 16 17 18 19 20 21 |
---------------+----------------------------------------------------------------+-----
Long Blades    | 4 8 9 10 11 12 13 14 16 17 18 19 21 24 27 | 27.0
Fighting       | 6 7 9 10 11 12 13 15 18 21 25 27 | 27.0
Armour         | 6 7 8 9 10 11 12 14 15 16 18 23 27 | 27.0
Shields        | 6 7 9 10 11 13 14 18 22 25 27 | 27.0
Invocations    | 7 8 9 12 14 20 22 26 27 | 27.0
Dodging        | 2 3 4 5 6 7 8 10 18 26 27 | 27.0
Unarmed Combat | 27 | 27.0
Evocations     | 7 24 | 24.2

Action                   |  1- 3 |  4- 6 |  7- 9 | 10-12 | 13-15 | 16-18 | 19-21 || total
-------------------------+-------+-------+-------+-------+-------+-------+-------++-------
Melee: Long sword        |    34 |    22 |       |       |       |       |       ||    56
       Scimitar          |       |     9 |    68 |    90 |   239 |   315 |       ||   721
       Double sword      |       |       |       |   116 |    14 |       |       ||   130
       Demon blade       |       |       |       |       |   163 |   714 |   539 ||  1416
Invok: Disaster Area     |       |       |     1 |    16 |    20 |     9 |    24 ||    70
Evoke: Wand              |       |       |     6 |       |       |       |       ||     6
  Use: Potion            |     1 |     2 |     1 |       |     1 |       |     7 ||    12
       Scroll            |       |       |       |       |       |     4 |     2 ||     6
  Eat: Chunk             |       |       |     2 |     3 |     2 |       |       ||     7
       Bread ration      |       |       |       |     1 |       |     2 |     2 ||     5
       Fruit             |       |       |       |       |     4 |     5 |       ||     9
Armor: Scale mail        |     8 |     6 |       |       |       |       |       ||    14
       Chain mail        |       |     2 |    11 |     7 |       |       |       ||    20
       Plate armour      |       |       |       |    29 |   215 |    48 |       ||   292
       Shadow dragon sca |       |       |       |       |       |   127 |    93 ||   220
Dodge: Dodged            |    10 |     7 |    16 |    15 |    61 |   132 |   104 ||   345
       Deflected         |       |       |       |       |     1 |     5 |     7 ||    13
Block: Shield            |    14 |    15 |    43 |   126 |   353 |   668 |   409 ||  1628
       Rpst.: Long sword |     4 |     2 |       |       |       |       |       ||     6
       Scimitar          |       |       |     3 |     2 |     2 |     4 |       ||    11
       Double sword      |       |       |       |     6 |       |       |       ||     6
       Demon blade       |       |       |       |       |     2 |    17 |     8 ||    27
